 Dungeon Crawl Stone Soup version 0.17.0-9-g801d43b (webtiles) character file.

184 oplop the Sneak (level 5, -1/28 HPs)
             Began as a Vine Stalker Assassin on Nov 9, 2015.
             Slain by an iguana (7 damage)
             ... on level 4 of the Dungeon.
             The game lasted 00:04:27 (1985 turns).

oplop the Sneak (Vine Stalker Assassin)             Turns: 1985, Time: 00:04:27

Health: -1/28      AC:  4    Str: 15    XL:     5   Next: 63%
Magic:  0/6        EV: 12    Int: 11    God:
Gold:   190        SH:  0    Dex: 15    Spells: 0 memorised, 4 levels left

rFire  . . .     SeeInvis .     b - +0 blowgun
rCold  . . .     Clarity  .     A - +1 robe {MR+}
rNeg   . . .     SustAt   .     (no shield)
rPois  .         Gourm    .     (no helmet)
rElec  .         Spirit   +     d - +0 cloak
rCorr  .         Warding  .     (no gloves)
rMut   .         Stasis   .     (no boots)
MR     +....                    (no amulet)
Stlth  +++.......               E - +1 ring of evasion
                                m - +4 ring of slaying

@: somewhat resistant to hostile enchantments, fairly stealthy
A: fangs 2, regeneration 1, magic shield, antimagic bite, no device heal 3, rot
immunity
a: no special abilities


You were on level 4 of the Dungeon.
You were not hungry.

You visited 1 branch of the dungeon, and saw 4 of its levels.

You collected 190 gold pieces.

Inventory:

Hand Weapons
 a - a +2 dagger
 b - a +0 blowgun (weapon)
Missiles
 e - 8 poisoned needles (quivered)
 f - 2 curare-tipped needles
 n - a throwing net
 C - 6 javelins
Armour
 d - a +0 cloak (worn)
 A - a +1 robe of magic resistance (worn)
Jewellery
 m - a +4 ring of slaying (left hand)
 x - a +3 ring of intelligence {unknown}
 E - a +1 ring of evasion (right hand)
Scrolls
 i - a scroll of blinking {unknown}
 j - 2 scrolls of fog {unknown}
 k - a scroll of remove curse {unknown}
 l - 2 scrolls of recharging {unknown}
 r - a scroll of amnesia {unknown}
 u - 3 scrolls of identify {unknown}
 v - a scroll of magic mapping {unknown}
 w - a scroll of noise {unknown}
 y - a scroll of enchant weapon {unknown}
Potions
 h - a potion of heal wounds {unknown}
 o - a potion of resistance {unknown}
 p - 2 potions of might {unknown}
 q - a potion of curing {unknown}
 s - 2 potions of brilliance {unknown}
 t - a potion of haste {unknown}
 z - a potion of degeneration {unknown}
 D - a potion of magic {unknown}
Comestibles
 c - 4 fruits
 g - 3 bread rations
 B - a beef jerky
 F - 2 chunks of flesh


   Skills:
 + Level 2.9 Fighting
 + Level 3.7 Short Blades
 - Level 1.7 Throwing
 - Level 0.7 Dodging
 + Level 6.0 Stealth


You had 4 spell levels left.
You didn't know any spells.

Dungeon Overview and Level Annotations

Branches:
Dungeon (4/15)
 Temple: D:4-7

Altars:


Innate Abilities, Weirdness & Mutations

You have extremely sharp teeth.
Your natural rate of healing is unusually fast.
When hurt, damage is shared between your health and your magic reserves.
Your bite disrupts and absorbs the magic of your enemies.
Potions and wands cannot restore your health.
You are immune to rotting.


Message History

Found 14 stones.
The iguana bites you!
You closely miss the iguana. You bite the iguana! You drain its power.
You feel invigorated.
The iguana is moderately wounded.
The iguana closely misses you.
You hit the iguana. Your bite misses the iguana.
The iguana is severely wounded.
The iguana bites you.
You hit the iguana but do no damage. You bite the iguana, but do no damage.
The iguana is severely wounded.
You hit the iguana but do no damage. You bite the iguana. You drain its power.
You feel invigorated.
The iguana is severely wounded.
The iguana bites you!
* * * LOW HITPOINT WARNING * * *
You are too injured to fight recklessly!
b - a +0 blowgun (weapon)
The iguana bites you!
You die...

###############.#
......+................
.....#################
#.... ♣♣♣♣ ###.... ♣..♣
....... #########♣♣♣♣.♣
.(..$.. #....##.'..♣)♣.
......l###....##.'...♣)♣
.......@.'....'..#♣♣♣.♣♣
......####....##.## ♣..♣
..... #........# ♣♣♣♣
.... #######.## #### #..
.#########...####.#. ..
.................... #
########...######.#.
#...'........
#...######.#.


You could see an iguana.

Vanquished Creatures
  An orc wizard (D:3)
  Natasha (D:3)
  A gnoll (D:4)
  4 adders
  An ooze (D:4)
  A worm (D:2)
  9 orcs
  A ball python (D:3)
  7 hobgoblins
  6 jackals
  5 kobolds
  A quokka (D:4)
  5 bats
  6 giant cockroaches
  4 giant newts
  6 goblins
  12 rats
71 creatures vanquished.

Notes
Turn   | Place    | Note
--------------------------------------------------------------
     0 | D:1      | oplop the Vine Stalker Assassin began the quest for the Orb.
     0 | D:1      | Reached XP level 1. HP: 11/11 MP: 2/2
   194 | D:1      | Reached XP level 2. HP: 15/15 MP: 3/3
   489 | D:1      | Reached skill level 5 in Stealth
   642 | D:2      | Reached XP level 3. HP: 18/18 MP: 4/4
   978 | D:2      | Reached XP level 4. HP: 23/23 MP: 5/5
  1251 | D:3      | Noticed Natasha
  1261 | D:3      | Killed Natasha
  1339 | D:3      | Reached XP level 5. HP: 24/28 MP: 6/6
  1953 | D:4      | Reached skill level 6 in Stealth
  1985 | D:4      | Slain by an iguana

Action                   |  1- 3 |  4- 6 || total
-------------------------+-------+-------++-------
Melee: Dagger            |    68 |    57 ||   125
 Fire: Blowgun           |       |     2 ||     2
 Stab: Sleeping          |    15 |    12 ||    27
  Eat: Chunk             |       |     3 ||     3
